General information
- name: BNet
- type: Ladder team game (AT/RT)
- host: Battle.net
- saver: UDUD_massWyrms
map: TurtleRock
- players: 4
- length: 14:36
- speed: Fast
- version: 1.24 W3XP
- replay type: Public
» download(68 KB)
Players
team 1 (winner)

»
dragonslurm (
teal | 54 APM | 788 actions | 14:35)
5 Blademaster
3 Wind Walk
2 Critical Strike
» actions
| Assign group hotkey | 23 | |
| Basic commands | 23 | |
| Build / train | 47 | |
| Enter build submenu | 19 | |
| Enter hero's abilities submenu | 4 | |
| Give item / drop item | 6 | |
| Right click | 390 | |
| Select / deselect | 120 | |
| Select group hotkey | 69 | |
| Use ability | 87 | |
788 total
» units
» upgrades
» buildings
| Altar of Storms | 1 | |
| Orc Burrow | 2 | |
| War Mill | 1 | |
| Watch Tower | 10 | |
| Stronghold | 3 | |
| Voodoo Lounge | 2 | |
| Fortress | 1 | |
| Beastiary | 2 | |
22 total
» build order
00:09 Altar of Storms
00:12 Orc Burrow
00:41 War Mill
01:55 Watch Tower
02:01 Watch Tower
02:37 Watch Tower
02:40 Watch Tower
03:29 Stronghold
03:29 Stronghold
03:29 Stronghold
03:32 Voodoo Lounge
03:36 Voodoo Lounge
04:45 Orc Burrow
04:51 Watch Tower
04:54 Watch Tower
07:24 Watch Tower
07:24 Watch Tower
10:02 Fortress
10:05 Watch Tower
10:17 Watch Tower
12:55 Beastiary
12:57 Beastiary
» items
| Lesser Clarity Potion | 4 | |
| Scroll of Speed | 2 | |
| Potion of Healing | 2 | |
| Healing Salve | 2 | |
| Dust of Appearance | 1 | |
| Boots of Speed | 1 | |
| Circlet of Nobility | 1 | |
| Scroll of Town Portal | 1 | |
| Potion of Mana | 2 | |
| Potion of Lesser Invulnerability | 1 | |
17 total

»
UDUD_massWyrms (
blue | 57 APM | 833 actions | 14:36)
2 Archmage
1 Blizzard
1 Brilliance Aura
» actions
| Assign group hotkey | 24 | |
| Basic commands | 21 | |
| Build / train | 57 | |
| Enter build submenu | 30 | |
| Enter hero's abilities submenu | 2 | |
| Give item / drop item | 3 | |
| Remove unit from queue | 1 | |
| Right click | 253 | |
| Select / deselect | 147 | |
| Select group hotkey | 201 | |
| Use ability | 94 | |
833 total
» units
| Peasant | 12 | |
| Mortar Team | 6 | |
| Sorceress | 3 | |
21 total
» upgrades
| Masonry | 3 | |
| Gunpowder | 3 | |
| Sorceress Training | 2 | |
| Fragmentation Shards | 1 | |
| Flare | 1 | |
| Armor | 1 | |
11 total
» buildings
| Altar of Kings | 1 | |
| Farm | 8 | |
| Scout Tower | 19 | |
| Arcane Tower | 1 | |
| Lumber Mill | 1 | |
| Guard Tower | 7 | |
| Keep | 1 | |
| Blacksmith | 1 | |
| Arcane Sanctum | 1 | |
| Workshop | 3 | |
| Castle | 2 | |
45 total
» build order
00:09 Altar of Kings
00:12 Farm
00:45 Scout Tower
00:49 Farm
01:19 Arcane Tower
01:23 Lumber Mill
01:51 Scout Tower
01:58 Farm
02:26 Guard Tower
02:29 Scout Tower
02:30 Scout Tower
03:10 Keep
03:22 Guard Tower
03:23 Guard Tower
03:24 Guard Tower
03:33 Blacksmith
04:43 Scout Tower
04:47 Farm
04:50 Farm
05:13 Guard Tower
05:38 Arcane Sanctum
05:45 Workshop
05:47 Workshop
05:51 Workshop
05:52 Farm
06:12 Castle
06:13 Castle
06:34 Farm
06:34 Farm
09:50 Scout Tower
09:50 Scout Tower
09:51 Scout Tower
09:51 Scout Tower
11:00 Guard Tower
13:36 Scout Tower
13:36 Scout Tower
13:37 Scout Tower
13:37 Scout Tower
13:38 Scout Tower
14:04 Scout Tower
14:04 Scout Tower
14:04 Scout Tower
14:06 Scout Tower
14:07 Scout Tower
14:31 Guard Tower
» items
| Lesser Clarity Potion | 1 | |
| Healing Salve | 2 | |
| Scroll of Town Portal | 3 | |
| Scroll of Speed | 1 | |
| Scroll of Healing | 1 | |
| Potion of Lesser Invulnerability | 1 | |
9 total
team 2 (loser)
aquafinan (
green | 73 APM | 1069 actions | 14:35)
3 Far Seer
1 Feral Spirit
2 Chain Lighting
2 Tauren Chieftain
1 Endurance Aura
1 Shockwave
» actions
| Assign group hotkey | 13 | |
| Basic commands | 106 | |
| Build / train | 34 | |
| Enter build submenu | 12 | |
| Enter hero's abilities submenu | 5 | |
| Give item / drop item | 2 | |
| Remove unit from queue | 1 | |
| Right click | 315 | |
| Select / deselect | 178 | |
| Select group hotkey | 363 | |
| Use ability | 40 | |
1069 total
» units
» upgrades
| Berserker Strength | 1 | |
| Pulverize | 1 | |
2 total
» buildings
| Altar of Storms | 1 | |
| Orc Burrow | 4 | |
| Barracks | 1 | |
| Voodoo Lounge | 1 | |
| Stronghold | 1 | |
| Fortress | 1 | |
| War Mill | 1 | |
| Tauren Totem | 2 | |
| Great Hall | 1 | |
13 total
» build order
00:04 Altar of Storms
00:06 Orc Burrow
00:40 Barracks
01:41 Orc Burrow
02:37 Voodoo Lounge
03:09 Stronghold
03:50 Orc Burrow
05:48 Fortress
05:55 War Mill
07:20 Orc Burrow
08:13 Tauren Totem
08:40 Tauren Totem
11:17 Great Hall
» items
| Healing Salve | 1 | |
| Scroll of Speed | 1 | |
| Potion of Healing | 1 | |
| Dust of Appearance | 1 | |
4 total
MathTeacherSM (
pink | 89 APM | 1300 actions | 14:33)
3 Mountain King
2 Storm Bolt
1 Bash
2 Paladin
1 Holy Light
1 Devotion Aura
» actions
| Assign group hotkey | 55 | |
| Basic commands | 153 | |
| Build / train | 54 | |
| ESC pressed | 8 | |
| Enter build submenu | 19 | |
| Enter hero's abilities submenu | 6 | |
| Right click | 423 | |
| Select / deselect | 273 | |
| Select group hotkey | 261 | |
| Use ability | 47 | |
1300 total
» units
| Peasant | 20 | |
| Footman | 11 | |
| Rifleman | 4 | |
35 total
» upgrades
» buildings
| Altar of Kings | 1 | |
| Barracks | 1 | |
| Farm | 4 | |
| Scout Tower | 4 | |
| Arcane Tower | 2 | |
| Keep | 2 | |
| Lumber Mill | 1 | |
| Arcane Vault | 1 | |
| Blacksmith | 1 | |
| Workshop | 1 | |
| Guard Tower | 1 | |
| Arcane Sanctum | 1 | |
| Town Hall | 1 | |
21 total
» build order
00:03 Altar of Kings
00:18 Barracks
00:23 Farm
00:58 Farm
01:30 Farm
02:01 Farm
03:40 Scout Tower
04:07 Scout Tower
04:22 Arcane Tower
05:00 Keep
05:16 Lumber Mill
06:07 Arcane Vault
07:34 Blacksmith
09:25 Workshop
11:06 Scout Tower
11:07 Scout Tower
11:48 Guard Tower
12:00 Arcane Sanctum
13:00 Town Hall
» items
| Potion of Lesser Invulnerability | 2 | |
| Scroll of Healing | 1 | |
| Scroll of Regeneration | 1 | |
| Lesser Clarity Potion | 1 | |
5 total
Chat log
(00:04 / Allies) dragonslurm: orf
(00:06 / Allies) UDUD_massWyrms: hu
(00:27 / Allies) UDUD_massWyrms: towers i guess
(00:33 / Allies) dragonslurm: what did u have for desert?
(00:38 / Allies) UDUD_massWyrms: upside down cake
(00:49 / Allies) dragonslurm: did he make that?
(00:52 / Allies) UDUD_massWyrms: dad?
(00:53 / Allies) UDUD_massWyrms: ya
(01:04 / Allies) dragonslurm: i wish i had soem
(01:09 / Allies) UDUD_massWyrms: 2 bad so sad
(01:28 / Allies) dragonslurm: bee emm
(01:37 / Allies) UDUD_massWyrms: should u just feed me
(01:39 / Allies) UDUD_massWyrms: for fast invis mort?
(01:44 / Allies) UDUD_massWyrms: after towering up that is
(01:46 / Allies) dragonslurm: sure who cares
(01:48 / Allies) UDUD_massWyrms: k
(03:13 / Allies) UDUD_massWyrms: feed me wood when u can
(03:15 / Allies) UDUD_massWyrms: i started tech
(03:19 / Allies) UDUD_massWyrms: get a shop
(04:35 / Allies) UDUD_massWyrms: care
(06:21 / Allies) dragonslurm: GULP
(07:06 / Allies) UDUD_massWyrms: make 2 more towers
(07:11 / Allies) UDUD_massWyrms: n tech again
(07:29 / Allies) UDUD_massWyrms: gogogo
(07:40 / Allies) UDUD_massWyrms: fs?
(07:42 / Allies) UDUD_massWyrms: nah ur outt amana
(07:50 / Allies) UDUD_massWyrms: get a tp[
(07:51 / Allies) UDUD_massWyrms: fshit
(07:51 / Allies) UDUD_massWyrms: fuck
(08:01 / Allies) UDUD_massWyrms: gold me 350
(08:02 / Allies) UDUD_massWyrms: for a tp
(08:11 / Allies) UDUD_massWyrms: thatll do i guess
(08:34 / Allies) UDUD_massWyrms: keep goldin g me
(08:35 / Allies) UDUD_massWyrms: actually
(09:11 / Allies) dragonslurm: taurens coming soon
(09:32 / Allies) dragonslurm: god just creep a red why dont they
(09:34 / Allies) dragonslurm: while im dead
(09:42 / Allies) UDUD_massWyrms: that last attack
(09:45 / Allies) UDUD_massWyrms: was suicide
(09:54 / Allies) UDUD_massWyrms: up ur tower armor
(09:55 / Allies) UDUD_massWyrms: and mkae 2 more
(10:23 / Allies) UDUD_massWyrms: lol
(11:05 / Allies) UDUD_massWyrms: shit bring me at p
(11:06 / Allies) UDUD_massWyrms: fast
(11:17 / Allies) UDUD_massWyrms: bring
(11:23 / Allies) UDUD_massWyrms: ty
(11:52 / Allies) UDUD_massWyrms: guard towers
(11:55 / Allies) UDUD_massWyrms: and snipe
(11:56 / Allies) UDUD_massWyrms: if they hti a base
(12:09 / Allies) UDUD_massWyrms: ya go hit ud
(12:11 / Allies) UDUD_massWyrms: i mean orc
(12:14 / Allies) UDUD_massWyrms: foc his main
(12:59 / Allies) UDUD_massWyrms: need another tp
(12:59 / Allies) UDUD_massWyrms: :/
(13:16 / Allies) dragonslurm: shit htat mana tower
(13:17 / Allies) dragonslurm: shit
(13:18 / Allies) dragonslurm: run faster
(13:19 / Allies) dragonslurm: shit
(13:31 / Allies) UDUD_massWyrms: good thing
(13:32 / Allies) UDUD_massWyrms: we go thtat ward
(13:56 / Allies) UDUD_massWyrms: lol
(13:58 / Allies) UDUD_massWyrms: go defend my base
(14:00 / Allies) UDUD_massWyrms: go sniper hter
(14:22 / Allies) dragonslurm: he has to quick hall now
(14:28 / Allies) dragonslurm: if he wants to get back into game
(14:34 / All) UDUD_massWyrms: Trash